Map: Blackburn LE

Players

Stephano

  • Race: Zerg Zerg

MaxPax - Winner!

  • Race: Protoss Protoss

Event: DreamHack SC2 Masters 2021 Fall

VOD

Have the link to the VOD?

Description

Time

  • Played on: Aug. 3, 2021, 1:56 p.m.
  • Length: 21:15

All games in this series

Show
View Real Time Build Order
Export as new Build Order

Stephano Zerg 

Build Orders: Hatch First, Brood Lord Corruptor 

Get SALT Encoding   

  12  0:00  Drone  
  13  0:12  Overlord  
  13  0:16  Drone  
  14  0:30  Drone x2  
  16  0:48  Hatchery  
  15  0:51  Drone  
  15  0:54  Drone  
  17  0:57  Drone  
  18  1:08  Extractor  
  17  1:14  Spawning Pool  
  17  1:17  Drone  
  17  1:20  Drone  
  18  1:27  Drone  
  19  1:38  Drone  
  20  1:49  Drone  
  21  2:01  Queen  
  21  2:02  Zergling x2, Queen  
  21  2:03  Drone  
  27  2:12  Drone, Overlord  
  28  2:17  Metabolic Boost  
  28  2:28  Hatchery  
  27  2:33  Drone x2  
  29  2:41  Queen  
  29  2:44  Zergling x2  
  32  2:45  Drone  
  32  2:49  Overlord  
  33  2:53  Drone  
  33  2:55  Drone  
  33  2:57  Drone  
  36  3:11  Drone x2  
  36  3:12  Overlord  
  38  3:13  Overlord  
  38  3:14  Drone  
  38  3:15  Drone  
  40  3:21  Queen  
  40  3:26  Evolution Chamber  
  42  3:27  Drone  
  42  3:28  Drone  
  42  3:31  Drone  
  44  3:38  Zergling x2  
  44  3:40  Queen  
  47  3:42  Drone x2  
  47  3:47  Drone x2  
  51  3:49  Overlord  
  51  3:53  Zerg Melee Weapons Level 1  
  51  3:56  Spore Crawler  
  51  3:58  Drone  
  51  4:03  Spore Crawler  
  51  4:04  Drone x2  
  51  4:08  Drone x2  
  54  4:10  Drone  
  54  4:12  Drone x2  
  54  4:16  Overlord  
  57  4:19  Overlord  
  56  4:25  Drone x3  
  56  4:29  Spore Crawler  
  58  4:31  Overlord  
  58  4:33  Drone  
  58  4:36  Drone x2  
  61  4:41  Lair  
  61  4:44  Extractor x2  
  59  4:50  Drone x3  
  62  4:55  Zergling x4  
  62  4:56  Zergling x6  
  67  5:00  Drone x6  
  69  5:10  Drone x2  
  69  5:13  Overlord  
  71  5:14  Queen x2  
  71  5:18  Extractor x2  
  71  5:20  Drone x4  
  77  5:33  Drone x2  
  76  5:36  Drone  
  76  5:37  Drone x6  
  76  5:38  Extractor  
  76  5:41  Drone x3  
  76  5:42  Evolution Chamber  
  84  5:47  Drone x3  
  87  5:50  Zerg Melee Weapons Level 2  
  87  5:56  Hatchery  
  86  6:08  Zergling x8  
  86  6:09  Overlord x3  
  89  6:13  Infestation Pit  
  89  6:15  Zerg Ground Armor Level 1  
  87  6:19  Overlord  
  87  6:29  Spore Crawler  
  86  6:36  Zergling x2  
  86  6:37  Zergling x18  
  96  6:50  Queen  
  96  6:52  Hive  
  96  6:54  Queen  
  96  6:55  Drone x8  
  96  6:56  Spire  
  105  7:05  Drone x3  
  105  7:06  Baneling Nest, Overlord  
  107  7:13  Drone x3  
  102  7:26  Drone  
  102  7:27  Drone  
  102  7:31  Extractor x2  
  100  7:37  Hatchery  
  100  7:39  Drone x3, Spire  
  100  7:41  Drone x6  
  100  7:43  Overseer  
  107  7:44  Pneumatized Carapace  
  107  7:49  Queen  
  107  7:50  Centrifical Hooks, Overlord x3  
  108  8:02  Drone x4  
  112  8:07  Adrenal Glands  
  112  8:09  Zerg Flyer Weapons Level 1, Ultralisk Cavern  
  111  8:14  Viper x2  
  111  8:15  Hatchery  
  111  8:16  Overseer x2  
  116  8:32  Corruptor  
  116  8:33  Corruptor x5  
  125  8:42  Corruptor  
  125  8:43  Corruptor x2  
  122  8:52  Corruptor  
  122  8:53  Corruptor x2  
  124  9:00  Corruptor x2  
  128  9:08  Corruptor  
  128  9:11  Overlord  
  128  9:17  Zerg Flyer Armor Level 1  
  128  9:19  Zergling x14  
  128  9:21  Drone x2  
  128  9:22  Drone  
  138  9:31  Drone x9  
  147  9:34  Zerg Melee Weapons Level 3  
  147  9:41  Zerg Ground Armor Level 2  
  147  9:42  Chitinous Plating  
  146  9:50  Drone x6  
  146  9:52  Drone x2, Overlord x2  
  154  9:53  Overlord  
  154  10:04  Spore Crawler, Extractor  
  154  10:05  Overlord x2  
  154  10:06  Overlord  
  152  10:11  Extractor  
  151  10:15  Spore Crawler  
  151  10:16  Spore Crawler, Drone x4  
  151  10:19  Extractor, Pathogen Glands  
  151  10:20  Extractor  
  151  10:21  Zergling x10  
  156  10:28  Spore Crawler x4  
  155  10:29  Spore Crawler x2  
  155  10:33  Ultralisk x2  
  160  10:40  Ultralisk  
  165  10:47  Zerg Flyer Weapons Level 2  
  165  11:03  Anabolic Synthesis  
  177  11:04  Ultralisk x2  
  177  11:10  Infestor x3  
  177  11:11  Infestor  
  185  11:15  Neural Parasite  
  185  11:17  Spore Crawler  
  184  11:18  Spore Crawler  
  184  11:23  Greater Spire  
  183  11:28  Spore Crawler  
  183  11:29  Spore Crawler x3  
  179  11:33  Spore Crawler  
  177  11:42  Spore Crawler x2  
  171  11:47  Infestor x2  
  171  11:48  Infestor  
  171  11:53  Zergling x8  
  172  12:09  Spine Crawler  
  172  12:10  Spine Crawler  
  172  12:12  Corruptor x2  
  172  12:13  Corruptor x5  
  196  12:20  Zerg Ground Armor Level 3  
  196  12:24  Baneling x7  
  196  12:25  Baneling  
  196  12:27  Drone x4  
  188  12:45  Brood Lord x6  
  196  13:05  Drone x4  
  200  13:08  Zerg Flyer Armor Level 2, Zerg Flyer Weapons Level 3  
  200  13:16  Overseer  
  200  13:19  Overlord  
  140  14:20  Ultralisk x7  
  164  14:26  Zergling x50  
  164  14:29  Corruptor  
  164  14:30  Queen  
  164  14:31  Queen  
  181  14:35  Corruptor x3  
  183  14:40  Corruptor x3  
  183  14:41  Overseer x2  
  183  14:42  Overseer x2  
  183  14:45  Baneling x10  
  183  14:53  Extractor  
  183  14:56  Corruptor x4  
  167  15:15  Corruptor x4  
  171  15:23  Zergling x22  
  171  15:27  Extractor  
  179  15:36  Ultralisk  
  179  15:37  Infestor  
  179  15:40  Infestor, Hatchery  
  187  15:49  Overlord  
  187  15:50  Overlord  
  187  15:51  Hatchery  
  180  16:03  Overseer  
  179  16:17  Drone x4  
  179  16:18  Drone x3  
  186  16:19  Drone x6  
  186  16:20  Drone  
  193  16:26  Infestor  
  193  16:27  Infestor  
  197  16:33  Spore Crawler, Spine Crawler  
  195  16:45  Spore Crawler  
  195  16:46  Spore Crawler  
  193  16:56  Spore Crawler  
  191  17:03  Zergling x20  
  197  17:14  Overlord  
  197  17:15  Overlord  
  197  17:16  Overlord  
  197  17:22  Spine Crawler  
  195  17:23  Spine Crawler  
  183  17:37  Viper x2  
  183  17:38  Infestor  
  183  17:39  Infestor x4  
  183  17:43  Overseer  
  183  17:44  Overlord  
  199  18:02  Hatchery  
  198  18:11  Infestor x3  
  187  18:25  Zergling x2  
  187  18:26  Zergling x48, Spore Crawler  
  187  18:27  Spore Crawler  
  197  18:28  Spore Crawler  
  183  18:53  Ultralisk x3  
  197  19:01  Overseer  
  197  19:02  Overseer  
  197  19:07  Ultralisk  
  185  19:23  Corruptor x3  
  171  19:35  Corruptor  
  171  19:37  Overlord x3  
  163  19:44  Corruptor x5  
  139  19:53  Overlord x3  
  132  20:00  Corruptor  
  132  20:01  Corruptor  
  126  20:08  Viper x2  
  131  20:20  Hatchery  
  126  20:32  Infestor x2  
  126  20:33  Infestor x2  
  124  20:37  Corruptor  
Show
View Real Time Build Order
Export as new Build Order

MaxPax Protoss - Winner!

Build Orders: 1 Gate Expand, Oracle Opening, Carriers 

Get SALT Encoding   

  12  0:00  Probe  
  13  0:13  Probe  
  14  0:19  Pylon  
  14  0:25  Probe  
  15  0:37  Probe (Chrono Boost)  
  15  0:40  Gateway  
  16  0:49  Probe (Chrono Boost)  
  17  0:50  Assimilator  
  17  0:55  Probe (Chrono Boost)  
  18  1:04  Probe  
  19  1:16  Probe  
  20  1:27  Nexus  
  20  1:38  Cybernetics Core  
  20  1:42  Probe  
  21  1:49  Assimilator  
  21  1:54  Probe  
  21  1:57  Pylon  
  22  2:06  Probe (Chrono Boost)  
  23  2:14  Stargate  
  23  2:19  Probe (Chrono Boost)  
  23  2:20  Adept  
  26  2:26  Probe (Chrono Boost)  
  27  2:30  Warp Gate  
  27  2:34  Probe (Chrono Boost)  
  28  2:40  Probe (Chrono Boost)  
  29  2:50  Adept  
  29  2:51  Probe x2 (Chrono Boost)  
  33  2:53  Void Ray (Chrono Boost)  
  33  2:57  Probe x2 (Chrono Boost)  
  39  3:08  Probe  
  39  3:09  Probe  
  41  3:14  Pylon  
  41  3:20  Probe  
  41  3:21  Probe  
  41  3:26  Oracle (Chrono Boost)  
  43  3:32  Probe  
  43  3:33  Probe  
  48  3:44  Probe  
  48  3:46  Nexus, Probe  
  50  3:51  Pylon  
  50  3:56  Assimilator  
  50  3:57  Probe  
  50  3:58  Assimilator  
  50  4:00  Probe  
  52  4:08  Oracle (Chrono Boost)  
  52  4:09  Probe  
  56  4:12  Probe  
  57  4:18  Gateway  
  57  4:21  Probe  
  57  4:24  Probe  
  59  4:28  Protoss Air Weapons Level 1  
  59  4:33  Probe  
  59  4:34  Shield Battery  
  59  4:36  Probe  
  59  4:37  Forge  
  61  4:40  Stargate  
  61  4:45  Probe  
  62  4:48  Pylon  
  62  4:51  Void Ray  
  68  5:00  Probe x2 (Chrono Boost)  
  68  5:01  Adept  
  68  5:02  Probe (Chrono Boost)  
  71  5:11  Probe x2 (Chrono Boost)  
  71  5:12  Probe (Chrono Boost)  
  74  5:17  Assimilator x2, Probe x2 (Chrono Boost)  
  74  5:19  Probe (Chrono Boost)  
  74  5:20  Pylon  
  74  5:21  Void Ray  
  77  5:24  Probe x2  
  77  5:25  Robotics Facility  
  83  5:28  Probe  
  83  5:33  Void Ray  
  84  5:36  Probe  
  84  5:41  Probe x2  
  91  5:43  Pylon  
  91  5:45  Pylon  
  91  5:49  Probe  
  92  5:53  Probe  
  92  5:55  Pylon  
  93  6:01  Pylon, Probe x2  
  93  6:04  Stargate  
  95  6:05  Fleet Beacon, Probe  
  96  6:13  Photon Cannon, Probe x2  
  94  6:19  Observer  
  94  6:20  Probe, Robotics Bay  
  94  6:24  Zealot x2  
  100  6:30  Pylon  
  100  6:42  Shield Battery  
  100  6:43  Pylon  
  99  6:51  Carrier (Chrono Boost)  
  111  6:55  Photon Cannon  
  111  6:59  Carrier (Chrono Boost)  
  111  7:07  Carrier (Chrono Boost)  
  117  7:09  Nexus  
  117  7:12  Pylon  
  113  7:17  Photon Cannon  
  113  7:18  Photon Cannon  
  113  7:25  Protoss Air Weapons Level 2, Zealot x2  
  117  7:33  Carrier (Chrono Boost)  
  123  7:37  Probe  
  123  7:38  Probe  
  123  7:40  Immortal  
  123  7:41  Probe  
  123  7:43  Photon Cannon  
  130  7:45  Assimilator  
  130  7:50  Assimilator  
  130  7:54  Shield Battery  
  136  7:58  Carrier (Chrono Boost)  
  136  8:00  Photon Cannon  
  136  8:08  Twilight Council  
  136  8:09  Gateway  
  136  8:11  Probe  
  137  8:13  Pylon  
  137  8:15  Protoss Ground Weapons Level 1  
  137  8:17  Photon Cannon  
  137  8:22  Probe  
  138  8:28  Gateway  
  138  8:29  Gateway  
  138  8:45  Carrier x2  
  138  8:47  Zealot x2  
  150  8:52  Void Ray  
  146  8:57  Flux Vanes  
  146  8:58  Gateway  
  150  9:28  Templar Archives  
  150  9:29  Void Ray  
  150  9:31  Pylon  
  150  9:32  Pylon x2  
  150  9:33  Observer (Chrono Boost)  
  150  9:34  Gateway  
  150  9:36  Gateway  
  155  9:39  Gateway  
  155  9:42  Pylon  
  155  9:46  Void Ray  
  155  9:51  Void Ray  
  155  9:52  Charge  
  156  9:54  Psionic Storm  
  156  9:56  Nexus  
  159  10:03  Pylon, Immortal (Chrono Boost)  
  163  10:08  High Templar x4  
  163  10:12  Zealot  
  163  10:13  Pylon  
  173  10:14  Probe  
  173  10:15  Probe  
  173  10:16  Photon Cannon  
  176  10:21  Probe  
  176  10:31  Zealot x3  
  182  10:40  Nexus  
  182  10:41  Photon Cannon  
  182  10:52  High Templar  
  184  10:57  High Templar x4  
  184  11:01  Protoss Air Weapons Level 3 (Chrono Boost)  
  184  11:02  Photon Cannon, Archon  
  184  11:03  Archon  
  192  11:05  Photon Cannon  
  192  11:06  Shield Battery  
  192  11:07  Nexus  
  192  11:12  High Templar x2  
  192  11:16  Archon  
  192  11:17  High Templar  
  198  11:20  High Templar  
  198  11:42  Protoss Ground Weapons Level 2 (Chrono Boost)  
  198  11:43  Pylon, Zealot x5  
  196  11:52  High Templar x2  
  200  11:57  Archon  
  200  11:58  Archon  
  200  12:03  Oracle  
  198  12:12  Mothership (Chrono Boost)  
  198  12:15  Gateway  
  198  12:17  Gateway  
  198  12:26  Photon Cannon  
  198  12:27  Photon Cannon  
  198  12:28  Photon Cannon  
  198  12:29  Photon Cannon  
  198  12:30  Blink (Chrono Boost), Dark Shrine  
  198  12:31  Shield Battery  
  198  12:33  Shield Battery  
  198  12:35  Photon Cannon, Gateway  
  198  12:36  Pylon  
  198  12:38  Pylon, Gateway  
  198  12:42  Photon Cannon  
  197  12:52  Shield Battery  
  197  12:56  Pylon  
  197  12:59  Photon Cannon  
  197  13:32  Assimilator x2  
  197  13:33  Pylon  
  180  14:19  Zealot x6  
  180  14:20  Zealot x6  
  180  14:24  Void Ray  
  184  14:30  Void Ray  
  160  14:36  Protoss Ground Weapons Level 3 (Chrono Boost)  
  156  14:48  Void Ray, Stalker x2  
  156  14:49  Stalker x11  
  180  15:01  Void Ray  
  180  15:07  Immortal (Chrono Boost)  
  180  15:09  Protoss Air Armor Level 1 (Chrono Boost)  
  131  15:28  Void Ray  
  129  15:31  Robotics Facility  
  129  15:32  Robotics Facility  
  129  15:34  Photon Cannon  
  133  15:35  Pylon, Stalker x3  
  133  15:36  Stalker x3  
  133  15:38  Dark Templar x2, Immortal (Chrono Boost)  
  141  15:56  Dark Templar  
  142  16:01  Carrier x2 (Chrono Boost)  
  152  16:14  Mothership (Chrono Boost)  
  152  16:15  Carrier (Chrono Boost)  
  152  16:17  Immortal (Chrono Boost)  
  176  16:26  Immortal x2 (Chrono Boost)  
  176  16:27  Nexus  
  176  16:29  Pylon  
  176  16:36  High Templar  
  176  16:37  High Templar x3  
  182  16:45  High Templar x2  
  186  16:48  Photon Cannon  
  186  16:49  Photon Cannon  
  186  16:51  Photon Cannon  
  186  16:53  Void Ray (Chrono Boost)  
  185  16:54  Archon  
  185  16:56  Stalker x2  
  199  17:04  Carrier (Chrono Boost)  
  199  17:12  Forge  
  199  17:17  Fleet Beacon  
  193  17:34  Void Ray (Chrono Boost)  
  193  17:35  Nexus  
  167  17:38  Dark Templar  
  177  17:44  Void Ray (Chrono Boost)  
  177  17:48  Photon Cannon  
  177  17:50  Photon Cannon  
  177  17:51  Immortal  
  181  17:52  Dark Templar, Photon Cannon  
  181  17:55  High Templar  
  181  17:56  High Templar x2  
  181  17:57  High Templar  
  189  18:00  Immortal  
  189  18:01  Archon  
  191  18:11  Dark Templar x3  
  196  18:16  Void Ray  
  196  18:17  Nexus  
  185  18:31  Photon Cannon  
  185  18:32  Photon Cannon  
  185  18:34  Archon  
  181  18:56  Zealot x6  
  191  19:09  Dark Templar x2  
  191  19:26  Zealot x2  
  191  19:27  Dark Templar x3  
  183  19:36  Zealot x2  
  164  19:47  Stalker  
  132  20:16  Observer  
  132  20:20  Shield Battery  
  131  20:39  Zealot x5  
  141  20:45  Dark Templar  

Tags
 
Add a new tag
Caveats
  • Supply blocks, unpowered buildings, or Contaminate may cause inaccurate times.
  • Supply counts are checked every 10 seconds.